 Dungeon Crawl Stone Soup version 0.31-a0-596-g831eee08f1 (webtiles) character file.

Game seed: 4123496969736310152

199 sircluck the Trooper (level 5, 0/47 HPs)
             Began as a Hill Orc Fighter on Aug 20, 2023.
             Slain by Grinder (1 damage)
             ... on level 3 of the Dungeon.
             The game lasted 00:08:25 (2495 turns).

sircluck the Trooper (Hill Orc Fighter)             Turns: 2495, Time: 00:08:26

Health: 0/47       AC: 10    Str: 21    XL:     5   Next: 77%
Magic:  5/5        EV:  8    Int:  8    God:
Gold:   66         SH:  4    Dex: 10    Spells: 4/4 levels left

rFire   . . .        a - +0 war axe
rCold   . . .        c - +0 buckler
rNeg    . . .        r - +0 chain mail
rPois   .            (no helmet)
rElec   .            d - +0 cloak
rCorr   .            (no gloves)
SInv    .            (no boots)
Will    .....        (no amulet) Stlth
                     (no ring)
HPRegen 0.27/turn    (no ring)
MPRegen 0.09/turn

%: no passive effects
@: brilliant, attractive
A: no striking features
a: no special abilities


You were on level 3 of the Dungeon.
You visited 1 branch of the dungeon, and saw 3 of its levels.

You collected 66 gold pieces.

Inventory:

Hand Weapons
 a - a +0 war axe (weapon)
Missiles
 g - 2 atropa-tipped darts
 j - 46 stones
 k - 9 poisoned darts
Armour
 b - a +0 scale mail
 c - a +0 buckler (worn)
 d - a +0 cloak (worn)
 r - a +0 chain mail (worn)
Talismans
 w - a blade talisman
Scrolls
 e - a scroll of revelation {unknown}
 f - 2 scrolls of noise {unknown}
 i - 3 scrolls of identify {unknown}
 l - a scroll of immolation {unknown}
 m - 2 scrolls of blinking {unknown}
 n - 2 scrolls of teleportation {unknown}
 q - a scroll of enchant armour {unknown}
Potions
 h - a potion of magic
 o - a potion of degeneration {unknown}
 p - a potion of mutation {unknown}
 s - a potion of brilliance
 v - a potion of attraction


   Skills:
 + Level 4.8 Fighting
 + Level 4.4 Axes
 + Level 4.4 Armour
 + Level 4.5 Shields


You had 4 spell levels left.
You didn't know any spells.
Your spell library contained the following spells:

 Spells                   Type           Power      Damage    Failure   Level
 Necrotise                Necr           0%         1d4       98%         1
 Vampiric Draining        Necr           0%         2d6       100%        3
 Agony                    Necr           0%         N/A       100%        5


Dungeon Overview and Level Annotations

Branches:
Dungeon (3/15)

Altars:
Dithmenos
Sif Muna

Annotations:
D:3 Grinder


Message History

Natasha claws you.
* * * LOW HITPOINT WARNING * * *
The cerulean imp barely misses you. Grinder gestures at you.
You barely resist. You hit Natasha.
Natasha is almost dead.
You closely miss Grinder. Natasha claws you.
* * * LOW HITPOINT WARNING * * *
The cerulean imp hits you but does no damage.
You block Grinder's attack. The cerulean imp barely misses you.
Natasha casts a spell at you. You resist with some effort.
It was a potion of magic.
Magic courses through your body. Grinder closely misses you.
Natasha stares at you and mumbles some strange words.
The magic dart hits you.
* * * LOW HITPOINT WARNING * * *
You block the cerulean imp's attack.
It was a potion of brilliance.
You feel clever all of a sudden.
The cerulean imp disappears in a puff of smoke!
Grinder barely misses you. Natasha casts a spell at you.
You resist with some effort.
It was a potion of attraction.
You feel attractive to monsters.
The cerulean imp hits you from afar with a +0 spear.
* * * LOW HITPOINT WARNING * * *
You block Grinder's attack. Natasha claws you.
* * * LOW HITPOINT WARNING * * *
You slash Natasha!
You kill Natasha!
Natasha growls in agony!
The cerulean imp disappears in a puff of smoke!
You hit Grinder. Grinder hits you.
* * * LOW HITPOINT WARNING * * *
You writhe in agony.
You die...
Grinder says, "Now the real fun starts!"

...#.#####........#
##.#.# ###.#.####
#.#.#######.#.#
##'#.....#.###|#
#...######...#.# .....##
#....#.# ......###....#.#
.......##....###########
.......'#P.....5@.ยง.....
.......####....#########
......## ###.## .....##
#.# #...## #.# ##'## #.#
#.# #.# #.# #.# ##.######
#.#


You could see Grinder.

Vanquished Creatures
  A phantom (D:3)
  Crazy Yiuf (D:2)
  Natasha (twice) (D:3)
  An adder (D:3)
  A worm (D:2)
  3 dart slugs
  An orc (D:3)
  6 ball pythons
  4 bats
  2 endoplasms
  2 giant cockroaches (D:2)
  6 goblins
  8 hobgoblins
  9 frilled lizards
  9 kobolds
  6 rats
62 creatures vanquished.

Notes
Turn   | Place    | Note
-------+----------+-------------------------------------------
     0 | D:1      | sircluck the Hill Orc Fighter began the quest for the Orb.
     0 | D:1      | Reached XP level 1. HP: 19/19 MP: 1/1
   109 | D:1      | Reached XP level 2. HP: 27/27 MP: 2/2
   515 | D:1      | Reached XP level 3. HP: 27/33 MP: 3/3
  1121 | D:2      | Found a runed translucent door.
  1122 | D:2      | Noticed Crazy Yiuf
  1177 | D:2      | Found a faded altar of an unknown god.
  1415 | D:2      | Found a shimmering blue altar of Sif Muna.
  1554 | D:2      | Killed Crazy Yiuf
  1555 | D:2      | Reached XP level 4. HP: 22/41 MP: 4/4
  1670 | D:3      | Noticed a phantom
  1703 | D:3      | Killed a phantom
  1704 | D:3      | Reached XP level 5. HP: 33/47 MP: 5/5
  1970 | D:3      | Noticed Natasha
  1984 | D:3      | Killed Natasha
  2242 | D:3      | Found a shadowy altar of Dithmenos.
  2468 | D:3      | Noticed Grinder
  2472 | D:3      | Noticed Natasha
  2474 | D:3      | Paralysed by Grinder for 3 turns
  2495 | D:3      | Killed Natasha
  2495 | D:3      | HP: 1/47 [Grinder (6)]
  2495 | D:3      | Slain by Grinder

Illustrated notes

Levels and vault maps discovered:
D:1:      dpeg_arrival_arbitrary_c, layout_basic, grunt_decor_cap,
          lexackson_kobold_supper
D:2:      layout_basic, shapermc_ecumenical_altar_mp_highgroup, basic_altar,
          minmay_pentomino_w2, uniq_crazy_yiuf_cottage
D:3:      layout_loops_corners, nicolae_overflow_hidden_temple,
          marbit_many_paths, minmay_lizard_king, uniq_grinder, uniq_natasha

Skill      XL: |  1  2  3  4 |
---------------+-------------+-----
Axes           | 3 4 |  4.4
Fighting       | 4 |  4.8
Shields        | 4 |  4.5
Armour         | 4 |  4.4

Action                     |  1- 3 |  4- 6 || total
---------------------------+-------+-------++-------
  Melee: War axe           |   343 |    87 ||   430
    Use: Potion            |     1 |     3 ||     4
 Armour: Scale mail        |    48 |    13 ||    61
         Chain mail        |       |    34 ||    34
  Dodge: Dodged            |    66 |    40 ||   106
  Block: Buckler           |    34 |    28 ||    62

Table legend: (Time is in decaauts)
 A = Elapsed time spent in this place.
 B = Non-inter-level travel time spent in this place.
 C = Inter-level travel time spent in this place.
 D = Time resting spent in this place.
 E = Time spent auto-exploring this place.
 F = Levels seen in this place.
 G = Mean time per level.
                   A        B        C        D        E       F      G
               +--------+--------+--------+--------+--------+-----+--------+
         Total |   2653 |   2611 |     42 |     50 |   1437 |   3 |  884.3 |
       Dungeon |   2653 |   2611 |     42 |     50 |   1437 |   3 |  884.3 |
               +--------+--------+--------+--------+--------+-----+--------+

Top non-repeatable levels by time:
     D:1: 1013 daAuts
     D:3: 939 daAuts
     D:2: 700 daAuts
